 Dungeon Crawl Stone Soup version 0.18.1-48-g4cf74bf (webtiles) character file.

254 Scotteh the Chiller (level 5, 0/39 HPs)
             Began as a Demigod Ice Elementalist on July 18, 2016.
             Slain by an ogre
             ... wielding a +0 giant spiked club
              (23 damage)
             ... on level 7 of the Dungeon.
             The game lasted 00:16:02 (3423 turns).

Scotteh the Chiller (Demigod Ice Elementalist)      Turns: 3423, Time: 00:16:03

Health: 0/39       AC:  3    Str: 11    XL:     5   Next: 59%
Magic:  10/12      EV: 13    Int: 21    God:
Gold:   183        SH:  0    Dex: 16    Spells: 2 memorised, 7 levels left

rFire  + . .     SeeInvis .     m - +3 quarterstaff (chaos)
rCold  . . .     Gourm    .     a - +0 robe
rNeg   . . .     Faith    .     (shield currently unavailable)
rPois  .         Spirit   .     (no helmet)
rElec  .         Dismiss  .     n - +0 cloak {MR+}
rCorr  .         Reflect  .     (no gloves)
SustAt +         Harm     .     (no boots)
MR     +....                    (no amulet)
Stlth  ++........               (no ring)
                                q - ring of protection from fire

@: somewhat resistant to hostile enchantments, unstealthy
A: high mp 1, sustain attributes
a: no special abilities


You were on level 7 of the Dungeon.
You were not hungry.

You visited 1 branch of the dungeon, and saw 6 of its levels.

You collected 183 gold pieces.

Inventory:

Hand Weapons
 m - a +3 quarterstaff of chaos (weapon)
Armour
 a - a +0 robe (worn)
 n - a +0 cloak of magic resistance (worn)
 o - a +0 large shield
Jewellery
 e - a cursed ring of loudness {unknown}
 f - an uncursed amulet of regeneration {unknown}
 q - a ring of protection from fire (left hand)
Wands
 c - a wand of slowing (12/48)
 l - a wand of polymorph (13/24)
Scrolls
 d - a scroll of remove curse
 h - a scroll of teleportation
 i - a scroll of recharging {unknown}
 j - 2 scrolls of enchant weapon {unknown}
 k - 2 scrolls of identify
Potions
 g - a potion of brilliance {unknown}
Books
 b - a book of Frost

   Spells                             Type                      Level
   a - Freeze                         Ice                          1
   b - Throw Frost                    Conjuration/Ice              2
   c - Ozocubu's Armour               Charms/Ice                   3
   d - Throw Icicle                   Conjuration/Ice              4
   e - Summon Ice Beast               Ice/Summoning                4
Comestibles
 p - a bread ration


   Skills:
 + Level 0.8 Fighting
 + Level 0.5 Staves
 + Level 2.5 Dodging
 + Level 2.1 Stealth
 + Level 3.2 Spellcasting
 + Level 1.9 Conjurations
 + Level 4.0 Ice Magic


You had 7 spell levels left.
You knew the following spells:

 Your Spells              Type           Power        Failure   Level  Hunger
a - Freeze                Ice            ###.         2%          1    None
b - Throw Frost           Conj/Ice       ###...       8%          2    ##.....


Dungeon Overview and Level Annotations

Branches:
Dungeon (7/15)
 Temple: D:4-7

Annotations:
D:6 Blork the orc


Innate Abilities, Weirdness & Mutations

You have an increased reservoir of magic (+10% MP).
Your attributes are resistant to harm.


Message History

The ogre shouts!
Casting: Throw Frost
Confirm with . or Enter, or press ? or * to list all spells.
Aiming: Throw Frost
Press: ? - help, Shift-Dir - straight line, f - ogre
Aim: an ogre, wielding a giant spiked club The puff of frost hits the ogre.
The ogre is moderately wounded.
The ogre hits you with a giant spiked club!
You closely miss the ogre.
The ogre is moderately wounded.
The ogre closely misses you.
You hit the ogre.
The ogre is moderately wounded.
You hit the ogre.
You hear a whooshing sound.
The ogre is heavily wounded.
The ogre hits you with a giant spiked club!!
Ouch! That really hurt!
You die...

###.########.
#............
#.########.#.
#.# #.# #.#
#.# #######.#
...>..O@#
#########


You could see an ogre.

Vanquished Creatures
  The ghost of Scotteh the Chiller, a weakling DgIE (D:3)
  Crazy Yiuf (D:2)
  Ijyb (D:2)
  Terence (D:3)
  5 adders (D:2)
  2 oozes (D:3)
  An adder skeleton (D:3)
  2 worms
  3 dart slugs
  5 giant geckos
  An orc (D:3)
  A giant cockroach (D:2)
  3 goblins
  11 hobgoblins
  3 jackals (D:3)
  A ball python (D:3)
  5 bats
  A giant newt (D:1)
  9 kobolds
  A quokka zombie (D:7)
  7 rats
65 creatures vanquished.

Notes
Turn   | Place    | Note
--------------------------------------------------------------
     0 | D:1      | Scotteh the Demigod Ice Elementalist began the quest for the Orb.
     0 | D:1      | Reached XP level 1. HP: 14/14 MP: 5/5
   306 | D:1      | Reached skill level 3 in Ice Magic
   382 | D:1      | Reached XP level 2. HP: 20/20 MP: 5/7
   386 | D:1      | Learned a level 2 spell: Throw Frost
   399 | D:1      | Reached skill level 1 in Conjurations
  1007 | D:2      | Found a sparkling altar of Nemelex Xobeh.
  1129 | D:2      | Reached XP level 3. HP: 27/27 MP: 6/9
  1134 | D:2      | Learned a level 3 spell: Ozocubu's Armour
  1321 | D:2      | Noticed Ijyb
  1326 | D:2      | Killed Ijyb
  1335 | D:2      | Found a stormy altar of Qazlal.
  1710 | D:2      | Noticed Crazy Yiuf
  1714 | D:2      | Killed Crazy Yiuf
  1714 | D:2      | Reached XP level 4. HP: 34/34 MP: 1/10
  2492 | D:3      | Noticed Scotteh's ghost (weakling DgIE)
  2509 | D:3      | Killed Scotteh's ghost
  2509 | D:3      | Reached skill level 4 in Ice Magic
  2509 | D:3      | Reached XP level 5. HP: 7/39 MP: 2/12
  2827 | D:3      | Noticed Terence
  2837 | D:3      | Killed Terence
  3261 | D:4      | You fall through a shaft for 2 floors!
  3261 | D:6      | Noticed Blork the orc
  3417 | D:7      | Noticed an ogre
  3423 | D:7      | Slain by an ogre

Skill      XL: |  1  2  3  4 |
---------------+-------------+-----
Spellcasting   | 2 3 |  3.2
Ice Magic      | 3 4 |  4.0
Conjurations   | 1 |  1.9
Dodging        | 2 |  2.5
Stealth        | 2 |  2.1
Fighting       | |  0.8
Staves         | |  0.5

Action                   |  1- 3 |  4- 6 || total
-------------------------+-------+-------++-------
Melee: Unarmed           |     7 |       ||     7
       Quarterstaff      |       |    65 ||    65
 Cast: Freeze            |    46 |    10 ||    56
       Throw Frost       |     8 |    35 ||    43
  Use: Scroll            |     1 |     3 ||     4
       Potion            |       |     1 ||     1
 Stab: Sleeping          |       |     3 ||     3
  Eat: Bread ration      |     1 |     1 ||     2
       Royal jelly       |       |     1 ||     1
       Beef jerky        |       |     1 ||     1
Armor: Robe              |    13 |    18 ||    31
Dodge: Dodged            |    28 |    66 ||    94
